 Dungeon Crawl Stone Soup version 0.32-a0-86-g8db1b9f803 (webtiles) character file.

Game seed: 1386191414908130892

6783 Esekla the Covert (level 11, -2/112 HPs)
             Began as an Octopode Delver on Feb 5, 2024.
             Was an Initiate of Gozag.
             Slain by a black mamba (5 damage)
             ... on level 1 of the Lair of Beasts on Feb 6, 2024.
             The game lasted 01:25:06 (9762 turns).

Esekla the Covert (Octopode Delver)                 Turns: 9762, Time: 01:25:07

Health: -2/112     AC:  3    Str: 11    XL:     11   Next: 5%
Magic:  16/19      EV: 15    Int: 21    God:    Gozag
Gold:   772        SH:  0    Dex: 17    Spells: 14/20 levels left

rFire   . . .        x - +5 long sword "Grim Tooth" {vamp, *Rage Will+ Int+3 Dex+4}
rCold   . . .        (no shield)
rNeg    + . .        y - +2 hat
rPois   .            q - amulet of regeneration
rElec   .            C - ring of positive energy
rCorr   +            o - ring of resist corrosion
SInv    .            (no ring)
Will    +....        (no ring) Stlth
                     (no ring)
HPRegen 1.18/turn    (no ring)
MPRegen 0.16/turn    (no ring)
                     (no ring)

%: random rage (20%)
@: berserking, lethally poisoned (-2 -> -13), gold aura, very quick
A: almost no armour, amphibious, 8 rings, camouflage 1, gelatinous body 1,
(nimble swimmer 1), tentacles
a: Renounce Religion, Potion Petition, Call Merchant, Bribe Branch


You were on level 1 of the Lair of Beasts.
You worshipped Gozag.
Gozag was pleased with you.
You visited 3 branches of the dungeon, and saw 11 of its levels.

You collected 2107 gold pieces.
You spent 263 gold pieces at shops.
You paid 1072 gold pieces to Gozag.

Inventory:

Hand Weapons
 a - the +6 long sword of Hell's Wrath {pain, rElec}
   (You found it on level 6 of the Dungeon)

   rElec:     It insulates you from electricity.
 r - a +0 trident
 s - a +5 dagger
 v - a +2 dagger of venom
 w - a +3 long sword
 x - the +5 long sword "Grim Tooth" (weapon) {vamp, *Rage Will+ Int+3 Dex+4}
   (You bought it in a shop on level 8 of the Dungeon)

   Int+3:     It affects your intelligence (+3).
   Dex+4:     It affects your dexterity (+4).
   Will+:     It increases your willpower.
   *Rage:     It berserks you when you make melee attacks (+20% chance).
Missiles
 c - 2 curare-tipped darts
 z - 35 poisoned darts
 E - 8 boomerangs (quivered)
Armour
 y - a +2 hat (worn)
Jewellery
 o - a ring of resist corrosion (right tentacle)
 q - an amulet of regeneration (around mantle)
 C - a ring of positive energy (left tentacle)
Wands
 f - a wand of digging (9)
 A - a wand of iceblast (13)
 B - a wand of flame (23)
Scrolls
 b - a scroll of fog
 g - 4 scrolls of enchant armour
 j - 3 scrolls of poison {unknown}
 k - 2 scrolls of revelation
 n - 2 scrolls of teleportation
 p - 2 scrolls of identify
 D - a scroll of silence {unknown}
 G - a scroll of blinking {unknown}
Potions
 d - 2 potions of berserk rage {unknown}
 e - 2 potions of haste
 h - 7 potions of curing
 i - a potion of might
 l - 3 potions of brilliance
 m - 3 potions of mutation {unknown}
 t - a potion of attraction {unknown}
 u - 2 potions of lignification
 F - a potion of ambrosia {unknown}


   Skills:
 * Level 7.5 Fighting
 + Level 2.4(6.3) Short Blades
 * Level 9.2(9.4) Long Blades
 + Level 0.8 Polearms
 + Level 1.9 Throwing
 + Level 4.9 Dodging
 + Level 10.9 Stealth
 * Level 5.4 Spellcasting
 * Level 2.8 Conjurations
 * Level 3.9 Necromancy
 * Level 2.7 Fire Magic


You had 14 spell levels left.
You knew the following spells:

 Your Spells              Type           Power      Damage    Failure   Level
e - Searing Ray           Conj           34%        2d5       4%          2
y - Sticky Flame          Fire/Alch      11%        2d5       52%         4

Your spell library contained the following spells:

 Spells                   Type           Power      Damage    Failure   Level
 Magic Dart               Conj           68%        1d6       3%          1
 Freeze                   Ice            20%        1d4       11%         1
 Sandblast                Erth           10%        2d5       11%         1
 Hailstorm                Conj/Ice       11%        3d6       17%         3
 Stone Arrow              Conj/Erth      22%        3d8       17%         3
 Inner Flame              Hex/Fire       11%        N/A       19%         3
 Passwall                 Erth           5%         N/A       30%         3
 Flame Wave               Conj/Fire      17%        2d7       32%         4
 Brom's Barrelling Bould  Conj/Erth      11%        2d3       50%         4
 Fulminant Prism          Conj/Alch      5%         3d6       50%         4
 Alistair's Intoxication  Alch           3%         N/A       96%         5
 Sculpt Simulacrum        Ice/Alch       2%         N/A       100%        6


Dungeon Overview and Level Annotations

Branches:
Dungeon (9/15)             Temple (1/1) D:5            Lair (1/5) D:8
    Orc: D:9-12

Altars:
Ashenzari
Cheibriados
Dithmenos
Elyvilon
Fedhas
Gozag
Hepliaklqana
Kikubaaqudgha
Makhleb
Nemelex Xobeh
Okawaru
Qazlal
Ru
Sif Muna
Trog
Uskayaw
Vehumet
Wu Jian
Xom
Yredelemnul
Zin
The Shining One

Shops:
D:7 *   D:8 ((

Annotations:
D:3 ogre
D:4 2 runed translucent doors, Azoth's ghost, amateur KoSh
D:7 2 transporters, 3 death yaks


Innate Abilities, Weirdness & Mutations

You cannot wear most types of armour.
You are amphibious.
You can wear up to eight rings at the same time.
Your skin changes colour to match your surroundings (Stealth+).
Your rubbery body absorbs attacks. (AC +1, EV +1)
((You are camouflaged when in or above water. (Stealth+)))
You have tentacles for arms and can constrict up to eight enemies at once.


Message History

Adjust (i)tems, (s)pells, or (a)bilities?
Adjust which spell? a - Searing Ray Adjust to which letter? e - Searing Ray Cast which spell? (? or * to list)
Aiming: Searing Ray (safe; 4% risk of failure)
Press: ? - help, Shift-Dir - straight line, f - white imp
Aim: a white imp (78% to hit)
The searing ray hits the black mamba!
The black mamba is moderately wounded.
The searing ray hits the white imp!
The white imp is severely wounded.
The searing ray misses the white imp. (Press . to maintain the ray.)
You constrict the black mamba. The black mamba bites you! x2
The searing ray hits the black mamba.
The black mamba is moderately wounded.
The searing ray hits the white imp.
You kill the white imp!
The searing ray hits the white imp.
The white imp is moderately wounded.
You constrict the black mamba, but do no damage.
The black mamba bites you! x2
* * * LOW HITPOINT WARNING * * *
A red film seems to cover your vision as you go berserk!
You feel yourself moving faster!
You feel mighty!
You barely miss the black mamba.
You squeeze the black mamba, but do no damage.
The black mamba is moderately wounded.
You constrict the black mamba. The black mamba bites you.
* * * LOW HITPOINT WARNING * * *
You barely miss the black mamba. You squeeze the black mamba!
The black mamba is severely wounded.
You constrict the black mamba. The black mamba bites you!
* * * LOW HITPOINT WARNING * * *
You are lethally poisoned!
The black mamba poisons you! The black mamba bites you.
You die...
Your body crumbles into a pile of gold.

#... ..
##..... ...
...##.#...#
#...
...S......#
...
.%!.......#
..#
.........# ..
#..# .# ##5#
.# #S# .#
#@### .#
#...# #####
##
#..####...#
##...##...#
#.#......#
####....###
#####....#.#
##..........#
...........##


You could see a black mamba and a white imp.

Vanquished Creatures
  Pikel (D:7)
  A deep elf pyromancer (D:8)
  Maurice (D:9)
  A black mamba (Lair:1)
  A troll (D:8)
  Sigmund (D:6)
  A wraith (D:8)
  6 yaks
  A steam dragon (Lair:1)
  A water moccasin (D:7)
  2 orc warriors
  2 sky beasts
  2 ice beasts
  An ogre (D:6)
  5 centaurs
  A phantom (D:5)
  A lemure (D:7)
  Blork the orc (D:6)
  4 kobold brigands
  4 scorpions
  2 bullfrogs (Lair:1)
  9 wights
  12 killer bees (D:9)
  A howler monkey (D:7)
  3 electric eels (D:6)
  2 bombardier beetles
  3 hounds
  4 orc priests
  A jelly (D:5)
  An iguana (D:5)
  6 orc wizards
  7 adders
  A shadow imp (D:6)
  2 white imps
  2 dart slugs
  2 ribbon worms
  28 orcs
  5 endoplasms
  2 giant cockroaches
  6 goblins
  6 hobgoblins
  3 jackals (D:1)
  31 kobolds
  6 quokkas
  9 ball pythons
  5 bats
  3 frilled lizards
  7 rats
207 creatures vanquished.

Notes
Turn   | Place    | Note
-------+----------+-------------------------------------------
     0 | D:5      | Esekla the Octopode Delver began the quest for the Orb.
     0 | D:5      | Reached XP level 1. HP: 16/16 MP: 1/1
    10 | D:5      | Found a staircase to the Ecumenical Temple.
    28 | Temple   | Entered the Ecumenical Temple
    51 | Temple   | Became a worshipper of Gozag Ym Sagoz the Greedy
   139 | D:3      | Noticed an ogre
   324 | D:3      | Reached skill level 7 in Stealth
   324 | D:3      | Reached XP level 2. HP: 9/21 MP: 2/2
   636 | D:2      | Found a faded altar of an unknown god.
   726 | D:2      | Reached XP level 3. HP: 15/26 MP: 3/3
  1175 | D:1      | Reached skill level 1 in Spellcasting
  1218 | D:1      | Reached XP level 4. HP: 31/31 MP: 5/5
  1907 | D:2      | Reached skill level 8 in Stealth
  2799 | D:4      | Found a runed translucent door.
  2800 | D:4      | Noticed a bullfrog
  2802 | D:4      | Noticed Azoth's ghost (amateur KoSh)
  2941 | D:4      | Noticed a sky beast
  2945 | D:4      | Reached XP level 5. HP: 36/36 MP: 7/7
  2951 | D:4      | Killed a sky beast
  3100 | D:4      | Found a runed translucent door.
  3400 | D:5      | Noticed a black bear
  3461 | D:5      | Reached XP level 6. HP: 42/42 MP: 7/9
  3511 | D:5      | Reached skill level 9 in Stealth
  3746 | D:5      | Reached skill level 1 in Short Blades
  4064 | D:5      | Reached XP level 7. HP: 48/48 MP: 10/10
  4828 | D:6      | Identified the +6 long sword of Hell's Wrath {pain, rElec}
  4849 | D:6      | Reached XP level 8. HP: 37/54 MP: 12/12
  4946 | D:6      | Reached skill level 10 in Stealth
  5412 | D:6      | Reached skill level 5 in Fighting
  5472 | D:6      | Reached skill level 5 in Long Blades
  5497 | D:6      | Noticed Blork the orc
  5508 | D:6      | Killed Blork the orc
  5570 | D:6      | Reached skill level 1 in Necromancy
  5609 | D:6      | Noticed Sigmund
  5615 | D:6      | Killed Sigmund
  5625 | D:6      | Got the Directory of the Snowy Panacea
  5774 | D:7      | Reached XP level 9. HP: 46/62 MP: 14/14
  5932 | D:7      | Reached skill level 1 in Throwing
  6157 | D:7      | Found Kuteol's Mail-Order Catalogue.
  6223 | D:7      | Found a transporter.
  6240 | D:7      | Found a transporter.
  6515 | D:8      | Noticed a death yak
  6515 | D:8      | Noticed Pikel
  6551 | D:8      | Noticed a death yak
  6551 | D:8      | Noticed a death yak
  6551 | D:8      | Found a staircase to the Lair.
  6571 | D:7      | Killed Pikel
  7685 | D:8      | Noticed a troll
  7709 | D:8      | Noticed a deep elf pyromancer
  7975 | D:8      | Found a shimmering blue altar of Sif Muna.
  7989 | D:8      | Reached skill level 1 in Fire Magic
  7989 | D:8      | Reached XP level 10. HP: 26/67 MP: 16/16
  8490 | D:8      | Killed a deep elf pyromancer
  8491 | D:8      | Reached skill level 5 in Spellcasting
  8491 | D:8      | Reached skill level 1 in Conjurations
  8647 | D:9      | Found a blossoming altar of Fedhas.
  9202 | D:9      | Noticed Maurice
  9357 | D:9      | Maurice stole 640 gold
  9359 | D:9      | Maurice stole the +6 long sword of Hell's Wrath {pain,
                  | rElec}
  9360 | D:9      | Maurice stole 35 poisoned darts
  9365 | D:9      | Killed Maurice
  9530 | D:8      | Bought a masterwork long sword for 263 gold pieces
  9530 | D:8      | Identified the +5 long sword "Grim Tooth" {vamp, *Rage
                  | Will+ Int+3 Dex+4} (You bought it in a shop on level 8 of
                  | the Dungeon)
  9570 | Lair:1   | Entered Level 1 of the Lair of Beasts
  9594 | Lair:1   | Noticed a black mamba
  9610 | Lair:1   | Learned a level 2 spell: Searing Ray
  9615 | Lair:1   | Learned a level 4 spell: Sticky Flame
  9721 | Lair:1   | Killed a black mamba
  9722 | Lair:1   | Reached XP level 11. HP: 65/75 MP: 19/19
  9762 | Lair:1   | HP: 3/112 [black mamba (12)]
  9762 | Lair:1   | Slain by a black mamba

Illustrated notes

Levels and vault maps discovered:
D:1:      dpeg_arrival_shrine, layout_loops_ring
D:2:      layout_basic, ebering_ecumenical_altar_box
D:3:      layout_basic, minmay_crystal_room
D:4:      layout_basic, ebering_ghost_sewer_f
D:5:      layout_basic, minmay_temple_entry_mini_moons, uniq_menkaure
D:6:      layout_gridville, minmay_misc_feat_hallway, serial_bayou_lake_a,
          uniq_sigmund, uniq_blork_the_orc
D:7:      gammafunk_steamed_eel, layout_gridville, monkooky_shop_mail_order
D:8:      layout_rooms, led_sif_pool, dpeg_lair_monsters, wad_mini_maze,
          uniq_pikel
D:9:      layout_rooms, fedhas_altar_3, uniq_maurice
Temple:   mainiacjoe_temple_big_plus
Lair:1:   layout_misc_corridors, portal_ice_cave_entry_imps,
          grunt_forest_stairs_basic, fungi_pond_lemuel

Skill      XL: |  1  2  3  4  5  6  7  8  9 10 |
---------------+-------------------------------+-----
Stealth        | 7 8 9 10 | 10.9
Spellcasting   | 1 2 3 4 5 |  5.4
Short Blades   | 1 2 |  2.4
Long Blades    | 3 4 6 7 9 |  9.2
Fighting       | 4 5 6 7 |  7.5
Dodging        | 3 4 |  4.9
Necromancy     | 1 2 3 |  3.9
Throwing       | 1 |  1.9
Fire Magic     | 1 2 |  2.7
Conjurations   | 2 |  2.8
Polearms       | |  0.8

Action                     |  1- 3 |  4- 6 |  7- 9 | 10-12 || total
---------------------------+-------+-------+-------+-------++-------
  Melee: Long sword        |    63 |    64 |   161 |    84 ||   372
         Falchion          |     3 |       |       |       ||     3
         Constrict         |    16 |    12 |    35 |    27 ||    90
         Tentacles         |     8 |    14 |    44 |    29 ||    95
         Dagger            |     7 |    24 |    11 |    65 ||   107
         Punch             |     1 |     2 |    16 |     8 ||    27
         Trident           |       |       |       |     5 ||     5
  Throw: Dart              |       |       |    13 |       ||    13
         Boomerang         |       |       |       |     8 ||     8
   Cast: Searing Ray       |       |       |       |     1 ||     1
 Invoke: Call Merchant     |       |       |       |     2 ||     2
  Evoke: Wand              |       |       |     1 |       ||     1
    Use: Scroll            |     1 |       |    15 |     1 ||    17
         Potion            |       |     2 |       |     4 ||     6
   Stab: Sleeping          |    19 |    20 |     8 |     6 ||    53
         Distracted        |       |       |     1 |       ||     1
 Armour: Skin              |    29 |    47 |   145 |   160 ||   381
  Dodge: Dodged            |    41 |    45 |   121 |   137 ||   344

Table legend: (Time is in decaauts)
 A = Elapsed time spent in this place.
 B = Non-inter-level travel time spent in this place.
 C = Inter-level travel time spent in this place.
 D = Time resting spent in this place.
 E = Time spent auto-exploring this place.
 F = Levels seen in this place.
 G = Mean time per level.
                   A        B        C        D        E       F      G
               +--------+--------+--------+--------+--------+-----+--------+
         Total |   9787 |   9157 |    630 |   1049 |   2824 |  11 |  889.7 |
       Dungeon |   9556 |   8970 |    586 |   1029 |   2824 |   9 | 1061.8 |
        Temple |     45 |      1 |     44 |      0 |      0 |   1 |   45.0 |
          Lair |    184 |    184 |      0 |     20 |      0 |   1 |  184.0 |
               +--------+--------+--------+--------+--------+-----+--------+

Top non-repeatable levels by time:
     D:6: 1407 daAuts
     D:5: 1355 daAuts
     D:7: 1240 daAuts
     D:8: 1202 daAuts
     D:3: 1179 daAuts
     D:9: 813 daAuts
     D:1: 804 daAuts
     D:2: 792 daAuts
     D:4: 760 daAuts
  Lair:1: 184 daAuts
  Temple: 45 daAuts
